 Dungeon Crawl Stone Soup version 0.32-a0-576-g706899e69d (webtiles) character file.

Game seed: 4282188081006738909

1580724 TheMeInTeam the Skinwalker (level 27, 261/261 HPs)
             Began as an Octopode Warper on Mar 1, 2024.
             Was the Champion of Makhleb.
             Escaped with the Orb
             ... and 3 runes on Mar 2, 2024!
             The game lasted 03:37:06 (75664 turns).

TheMeInTeam the Skinwalker (Octopode Warper)       Turns: 75664, Time: 03:37:07

Health: 261/261    AC: 39    Str: 22    XL:     27
Magic:  44/44      EV: 48    Int: 23    God:    Makhleb [******]
Gold:   3026       SH: 23    Dex: 37    Spells: 26/30 levels left

rFire   + . .        a - +9 sword of Zonguldrok {reap}
rCold   + + .        o - +4 kite shield {AC+3}
rNeg    + + .        s - +2 hat {SInv}
rPois   ∞            A - amulet of guardian spirit
rElec   +            e - ring of the Sheltering Priest {rN+ Will+ Str+5 Dex-4 Slay+4}
rCorr   +            u - ring of Oxtou {Str-2 Int+6 Dex+5 Slay+2}
SInv    +            r - ring of Qufiad {Will+ MP+9 Dex+4}
Will    +++++        S - ring "Xiarchurch" {Will+ rCorr Str+3 Dex+5}
Stlth   ++           X - ring "Poppitt" {Will+ Str+6 Dex+2}
HPRegen 0.63/turn    B - ring of Zargheim {+Blink rC+ Dex+6}
MPRegen 0.29/turn    q - ring of protection from cold
                     W - ring "Orumagipn" {rPois rF+ EV+5 Dex-3}

%: guardian spirit
@: statue-form, studying Long Blades, very slow
A: slow and powerful, torment resistance 1, boosted hp, almost no armour,
amphibious, 8 rings, camouflage 1, (gelatinous body 1), (nimble swimmer 1),
tentacles, strong-willed 1, weak 1, noise suppression
0: Orb of Zot
}: 3/15 runes: barnacled, slimy, gossamer
a: Begin Untransformation, Renounce Religion, Evoke Blink, Minor Destruction,
Lesser Servant of Makhleb, Major Destruction, Greater Servant of Makhleb


You escaped.
You worshipped Makhleb.
Makhleb was exalted by your worship.
You were a living statue of rough stone.
You visited 10 branches of the dungeon, and saw 51 of its levels.
You also visited: Trove.

You collected 6786 gold pieces.
You spent 3760 gold pieces at shops.

Inventory:

Hand Weapons
 a - the +9 sword of Zonguldrok (weapon) {reap}
   (You took it off an orc wizard on level 7 of the Dungeon)
 w - a +6 short sword of draining
Missiles
 R - 4 throwing nets
Armour
 o - a +4 kite shield of protection (worn)
 s - a +2 hat of see invisible (worn)
Jewellery
 e - the ring of the Sheltering Priest (left tentacle) {rN+ Will+ Str+5 Dex-4 Slay+4}
   (You found it in a treasure trove)

   [ring of slaying]

   Str+5:     It affects your strength (+5).
   Dex-4:     It affects your dexterity (-4).
   Slay+4:    It affects your accuracy & damage with ranged weapons and melee
   (+4).
   rN+:       It protects you from negative energy.
   Will+:     It increases your willpower.
 q - a ring of protection from cold (on tentacle)
 r - the ring of Qufiad (on tentacle) {Will+ MP+9 Dex+4}
   (You found it in a treasure trove)

   [ring of magical power]

   Dex+4:     It affects your dexterity (+4).
   Will+:     It increases your willpower.
   MP+9:      It affects your magic capacity (+9).
 u - the ring of Oxtou (right tentacle) {Str-2 Int+6 Dex+5 Slay+2}
   (You took it off a merfolk impaler on level 4 of the Shoals)

   [ring of intelligence]

   Str-2:     It affects your strength (-2).
   Int+6:     It affects your intelligence (+6).
   Dex+5:     It affects your dexterity (+5).
   Slay+2:    It affects your accuracy & damage with ranged weapons and melee
   (+2).
 x - the ring of Ipebb {rElec rC- MP+9 Str+2 Slay+2}
   (You found it in a treasure trove)

   [ring of magical power]

   Str+2:     It affects your strength (+2).
   Slay+2:    It affects your accuracy & damage with ranged weapons and melee
   (+2).
   rC-:       It makes you vulnerable to cold.
   rElec:     It insulates you from electricity.
   MP+9:      It affects your magic capacity (+9).
 A - an amulet of guardian spirit (around mantle)
 B - the ring of Zargheim (on tentacle) {+Blink rC+ Dex+6}
   (You took it off a merfolk aquamancer on level 4 of the Shoals)

   [ring of dexterity]

   Dex+6:     It affects your dexterity (+6).
   rC+:       It protects you from cold.
   +Blink:    It lets you blink.
 M - a ring of protection from cold
 S - the ring "Xiarchurch" (on tentacle) {Will+ rCorr Str+3 Dex+5}
   (You found it in a treasure trove)

   [ring of resist corrosion]

   Str+3:     It affects your strength (+3).
   Dex+5:     It affects your dexterity (+5).
   Will+:     It increases your willpower.
   rCorr:     It protects you from acid and corrosion.
 W - the ring "Orumagipn" (on tentacle) {rPois rF+ EV+5 Dex-3}
   (You bought it in a shop on level 3 of the Elven Halls)

   [ring of evasion]

   EV+5:      It affects your evasion (+5).
   Dex-3:     It affects your dexterity (-3).
   rF+:       It protects you from fire.
   rPois:     It protects you from poison.
 X - the ring "Poppitt" (on tentacle) {Will+ Str+6 Dex+2}
   (You bought it in a shop on level 3 of the Elven Halls)

   [ring of strength]

   Str+6:     It affects your strength (+6).
   Dex+2:     It affects your dexterity (+2).
   Will+:     It increases your willpower.
Talismans
 L - a granite talisman (active)
Wands
 l - a wand of charming (57)
 p - a wand of quicksilver (30)
 F - a wand of roots (60)
 H - a wand of flame (38)
 J - a wand of digging (8)
 K - a wand of mindburst (7)
 Q - a wand of polymorph (29)
Scrolls
 c - 4 scrolls of vulnerability
 d - 4 scrolls of blinking
 h - 4 scrolls of fog
 i - 2 scrolls of silence
 n - 10 scrolls of teleportation
 y - 10 scrolls of amnesia
 z - 6 scrolls of revelation
 D - 6 scrolls of poison
 O - 3 scrolls of summoning
 T - a scroll of fear
Potions
 b - 15 potions of curing
 j - 7 potions of ambrosia
 k - 4 potions of enlightenment
 m - 4 potions of heal wounds
 t - 8 potions of magic
 v - 4 potions of invisibility
 C - 3 potions of mutation
 E - 3 potions of cancellation
 N - 6 potions of lignification
 P - 4 potions of berserk rage
 Y - 2 potions of resistance
Miscellaneous
 g - a phantom mirror
 G - a box of beasts


   Skills:
 + Level 20.0 Fighting
 - Level 11.9(14.8) Short Blades
 - Level 14.3(16.0) Long Blades
 - Level 1.0 Throwing
 - Level 22.0 Dodging
 - Level 2.0 Stealth
 - Level 18.0 Shields
 - Level 2.0 Spellcasting
 - Level 3.0 Translocations
 - Level 16.0 Invocations
 - Level 10.0 Evocations
 + Level 22.4 Shapeshifting


You had 26 spell levels left.
You knew the following spells:

 Your Spells              Type           Power      Damage    Failure   Level
b - Lesser Beckoning      Tloc           32%        N/A       8%          2
s - Blink                 Tloc           32%        N/A       8%          2

Your spell library contained the following spells:

 Spells                   Type           Power      Damage    Failure   Level
 Apportation              Tloc           32%        N/A       4%          1
 Momentum Strike          Conj/Tloc      18%        3d8       14%         2
 Gell's Gravitas          Tloc           16%        N/A       16%         3
 Teleport Other           Tloc           16%        N/A       16%         3
 Magic Dart               Conj           8%         1d3       17%         1
 Necrotise                Necr           8%         1d4       17%         1
 Sandblast                Erth           4%         2d4       17%         1
 Slow                     Hex            8%         N/A       17%         1
 Sting                    Conj/Alch      8%         1d3       17%         1
 Summon Small Mammal      Summ           8%         N/A       17%         1
 Call Imp                 Summ           4%         N/A       26%         2
 Cigotuvi's Dreadful Rot  Necr/Alch/Air  4%         N/A       26%         2
 Ensorcelled Hibernation  Hex/Ice        4%         N/A       26%         2
 Static Discharge         Conj/Air       4%         3-4/arc   26%         2
 Frozen Ramparts          Ice            4%         1d1       45%         3
 Fugue of the Fallen      Necr           2%         N/A       45%         3
 Inner Flame              Hex/Fire       2%         N/A       45%         3
 Ozocubu's Armour         Ice            2%         N/A       45%         3
 Passwall                 Erth           2%         N/A       45%         3
 Sigil of Binding         Hex            2%         N/A       45%         3
 Stone Arrow              Conj/Erth      4%         3d7       45%         3
 Summon Ice Beast         Ice/Summ       2%         N/A       45%         3
 Swiftness                Air            2%         N/A       45%         3
 Tukima's Dance           Hex            2%         N/A       45%         3
 Vampiric Draining        Necr           2%         2d6       45%         3
 Manifold Assault         Tloc           16%        N/A       45%         4
 Passage of Golubria      Tloc           16%        N/A       45%         4
 Vhi's Electric Charge    Tloc/Air       18%        N/A       67%         4
 Airstrike                Air            1%         2d(1-17)  86%         4
 Anguish                  Hex/Necr       1%         N/A       86%         4
 Brom's Barrelling Bould  Conj/Erth      2%         2d3       86%         4
 Cause Fear               Hex            1%         N/A       86%         4
 Flame Wave               Conj/Fire      2%         2d4       86%         4
 Ignite Poison            Fire/Alch      2%         N/A       86%         4
 Leda's Liquefaction      Alch/Erth      1%         N/A       86%         4
 Martyr's Knell           Necr/Summ      2%         N/A       86%         4
 Petrify                  Alch/Erth      2%         N/A       86%         4
 Sticky Flame             Fire/Alch      2%         2d4       86%         4
 Summon Lightning Spire   Summ/Air       2%         N/A       86%         4
 Summon Forest            Summ/Tloc      4%         N/A       95%         5
 Arcjolt                  Conj/Air       1%         1d11      99%         5
 Borgnjor's Vile Clutch   Necr/Erth      1%         N/A       99%         5
 Curse of Agony           Necr           2%         N/A       99%         5
 Lee's Rapid Deconstruct  Erth           1%         3d4*      99%         5
 Metabolic Englaciation   Hex/Ice        1%         N/A       99%         5
 Summon Mana Viper        Hex/Summ       2%         N/A       99%         5
 Yara's Violent Unravell  Hex/Alch       1%         3d3       99%         5
 Dispersal                Tloc           8%         N/A       100%        6
 Eringya's Noxious Bog    Alch           1%         4d6       100%        6
 Plasma Beam              Fire/Air       1%         2x1d11    100%        6
 Sculpt Simulacrum        Ice/Alch       1%         N/A       100%        6
 Summon Cactus Giant      Summ           1%         N/A       100%        6
 Enfeeble                 Hex            1%         N/A       100%        7
 Monstrous Menagerie      Summ           1%         N/A       100%        7
 Ozocubu's Refrigeration  Ice            1%         4d7       100%        7
 Spellforged Servitor     Conj/Summ      1%         N/A       100%        7
 Summon Hydra             Summ           1%         N/A       100%        7
 Disjunction              Tloc           8%         N/A       100%        8
 Ignition                 Fire           1%         3d3       100%        8
 Lehudib's Crystal Spear  Conj/Erth      1%         10d2      100%        8
 Maxwell's Capacitive Co  Air            1%         ∞         100%        8
 Polar Vortex             Ice            1%         N/A       100%        9
 Animate Armour           Summ/Erth      Unusable   N/A       N/A         4

Dungeon Overview and Level Annotations

Branches:
Dungeon (15/15)            Temple (0/1) D:6            Lair (5/5) D:8
 Shoals (4/4) Lair:3       Spider (4/4) Lair:2        Slime (5/5) Lair:4
    Orc (2/2) D:11            Elf (3/3) Orc:2        Vaults (4/5) D:13
  Crypt (0/3) Vaults:2     Depths (4/4) D:15            Zot (5/5) Depths:4

Altars:
Elyvilon
Gozag
Kikubaaqudgha
Makhleb
Nemelex Xobeh
Okawaru
Qazlal
Ru
Sif Muna
Uskayaw
Xom
Zin
The Shining One
Beogh
Jiyva

Shops:
D:5 [   D:14 :   Orc:1 [   Orc:2 :::[(   Elf:1 [   Elf:2 ?   Elf:3 *:=
Shoals:3 (   Vaults:1 *   Vaults:2 =[[*=   Depths:3 ((*=

Portals:
Hell: Depths:1 Depths:2 Depths:3 Depths:4
Abyss: Depths:1 Depths:3
Pandemonium: Depths:2 Depths:4
Ziggurat: Depths:3

Annotations:
D:13 2 transporters, Ithuta Obua's ghost, journeyman MiBe
Lair:4 1 runed translucent door, exclusion: door, Pijio's ghost, journeyman MDFi
Lair:5 exclusion: obsidian statue
Zot:4 2 transporters, exclusion: orange crystal statue


Innate Abilities, Weirdness & Mutations

You are a living statue of rough stone.
Your actions are slow, but your melee attacks are powerful.
You are resistant to unholy torment.
Your maximum health is greatly increased.
You cannot wear most types of armour.
You are amphibious.
You can wear up to eight rings at the same time.
You are immune to poison.
Your skin changes colour to match your surroundings (Stealth+).
((Your rubbery body absorbs attacks. (AC +1, EV +1)))
((You are camouflaged when in or above water. (Stealth+)))
You have tentacles for arms and can constrict up to eight enemies at once.
You are strong-willed. (Will+)
You are weak. (Str -2)
You passively dampen the noise of your surroundings.


Message History

There is a stone staircase leading up here.
You climb upwards.
Your mindless puppets stay behind to rot.
There is a stone staircase leading down, spattered with blood here.
An orange demon comes into view.
You block the orange demon's attack. You block the orange demon's attack.
The orange demon completely misses you. The orange demon misses you.
You block the orange demon's attack.
You hit the orange demon. You grab the orange demon.
You squeeze the orange demon.
The orange demon is lightly wounded.
You constrict the orange demon!
Your doom hound zombie bites the orange demon.
Your doom hound zombie claws the orange demon!
You block the orange demon's attack. The orange demon misses you.
You slice the orange demon!!
You kill the orange demon!
Makhleb accepts your kill.
A neqoxec comes into view.
Your doom hound zombie completely misses the neqoxec.
Your doom hound zombie claws the neqoxec!!
The neqoxec barely misses your doom hound zombie.
Your doom hound zombie bites the neqoxec.
Your doom hound zombie claws the neqoxec!
The neqoxec gestures at your doom hound zombie.
Your doom hound zombie's mind is gnawed upon.
Your doom hound zombie bites the neqoxec!!
The neqoxec dies!
Makhleb accepts your kill.
Things that are here:
a +0 cloak; a +0 rapier A Tzitzimitl comes into view.
The Tzitzimitl roars!
There is a gate leading back out of this place here.
The Tzitzimitl gestures at you. The bolt of negative energy misses you.
You go up through the gate.
Welcome back to the Depths!
Your mindless puppets stay behind to rot.
There is a gate to the Realm of Zot here.
You swap places.
There is an open door here.
Things that are here:
a +0 chain mail; a +1 glaive; a human skeleton
There is a fountain of clear blue water here.
There is an open door here.
There is a stone staircase leading up here.
There are no items here.
You climb upwards.
Your mindless puppets stay behind to rot.
There is a stone staircase leading down here.
There is an entrance to Zirel's Weapon Boutique here.
There is a stone staircase leading up here.
You climb upwards.
There is a stone staircase leading down here.
There is a stone staircase leading up, spattered with blood here.
You climb upwards.
Your mindless puppets stay behind to rot.
There is a stone staircase leading down, spattered with blood here.
A hellephant comes into view.
You swap places.
Your stone giant zombie hits the hellephant!!
You slice the hellephant!! Your squeeze misses the hellephant.
The hellephant is moderately wounded.
Your occultist zombie hits the hellephant but does no damage.
You block the hellephant's attack. The hellephant misses you.
The hellephant gores you but does no damage.
Your stone giant zombie hits the hellephant!!
You chop the hellephant into pieces!!! You squeeze the hellephant!
The hellephant is almost dead.
Your occultist zombie hits the hellephant but does no damage.
Your deep troll shaman zombie barely misses the hellephant.
Your deep troll shaman zombie closely misses the hellephant.
Your deep troll shaman zombie claws the hellephant!
The hellephant breathes flames at your occultist zombie.
The blast of flame hits your occultist zombie!!!
Your occultist zombie is destroyed!
Your stone giant zombie hits the hellephant!!
The hellephant dies!
Makhleb accepts your kill.
No target in view!
No target in view!
There is a staircase back to the Dungeon here.
You climb upwards.
Welcome back to the Dungeon!
Your mindless puppets stay behind to rot.
There is a staircase to the Depths here.
There is an open door here.
A tormentor comes into view.
The tormentor roars!
You block the tormentor's attack. x2
You slice the tormentor!! You grab the tormentor.
The tormentor is heavily wounded.
You constrict the tormentor. You block the tormentor's attack.
The tormentor hits you but does no damage.
You block the tormentor's attack. The tormentor barely misses you.
You slice the tormentor!!
You kill the tormentor!
Makhleb accepts your kill.
There is an open door here.
Things that are here:
a +0 robe; a +0 dagger
Items here: )) [[ ÷.
A shadow demon comes into view.
You cut the shadow demon into ribbons!!!
You kill the shadow demon!
Makhleb accepts your kill.
No target in view!
There is a stone staircase leading up, spattered with blood here.
You climb upwards.
There is a stone staircase leading down here.
There is an open door here.
There is an open door here.
Kakhoaq comes into view.
Kakhoaq moves out of view.
There is an escape hatch in the ceiling here.
A mysterious force pulls you upwards. The hatch slams shut behind you.
Level annotation: 2 transporters, Ithuta Obua's ghost, journeyman MiBe
There is a stone staircase leading up, spattered with blood here.
You climb upwards.
There is a stone staircase leading down, spattered with blood here.
An angel comes into view.
It is wielding a +1 sacred scourge of holy wrath.
There is a stone staircase leading up here.
You climb upwards.
There is a stone staircase leading down here.
There is a stone staircase leading up here.
You climb upwards.
There is a stone staircase leading down here.
A large abomination comes into view.
An Orb Guardian comes into view.
There is an escape hatch in the ceiling here.
A mysterious force pulls you upwards. The hatch slams shut behind you.
An Executioner comes into view.
There is a stone staircase leading up here.
You climb upwards.
There is a stone staircase leading down here.
There is a stone staircase leading up, spattered with blood here.
You climb upwards.
There is a stone staircase leading down, spattered with blood here.
Things that are here:
a +0 orcbow; a +0 sling
Things that are here:
a +0 robe; a +0 dagger; an orc skeleton
There is a stone staircase leading up here.
You climb upwards.
There is a stone staircase leading down here.
A tormentor comes into view.
The tormentor calls on the powers of darkness!
Your body is wracked with pain!
The tormentor completely misses you. You block the tormentor's attack.
You closely miss the tormentor. You grab the tormentor.
You constrict the tormentor! You block the tormentor's attack. x2
You open the tormentor like a pillowcase!!!
You kill the tormentor!
Makhleb accepts your kill.
There is a stone staircase leading up here.
You climb upwards.
There is a stone staircase leading down here.
Magic restored.
There is a stone staircase leading up here.
You climb upwards.
There is a stone staircase leading down here.
There is an open door here.
A green death comes into view.
The green death gestures at you. The green death gestures at you.
There is a stone staircase leading up here.
You climb upwards.
There is a stone staircase leading down here.
You see here a howler monkey skeleton.
There is a stone staircase leading up here.
You climb upwards.
There is a stone staircase leading down here.
There is an escape hatch in the ceiling here.
A mysterious force pulls you upwards. The hatch slams shut behind you.
You feel yourself speed up.
An Executioner comes into view.
The Executioner moves out of view.
You chop the Executioner into pieces!!! You squeeze the Executioner!
The Executioner is almost dead.
You block the Executioner's attack. x3; The Executioner barely misses you.
The Executioner misses you. The Executioner completely misses you.
You barely miss the Executioner.
The Executioner is almost dead.
The Executioner gestures.
The Executioner seems to speed up.
You slice the Executioner!!
You kill the Executioner!
Makhleb accepts your kill.
You enter the shallow water.
Your extra speed is starting to run out.
A hell beast comes into view.
There is a staircase leading out of the dungeon here.
You feel yourself slow down. You block the hell beast's attack.
The hell beast completely misses you.
You carve the hell beast like a ham!!!
The hell beast is severely wounded.
You block the hell beast's attack. x2
You slice the hell beast like a ripe choko!!!
You kill the hell beast!
Makhleb accepts your kill.
You have escaped!

##........# ##
#.......##≈≈#
##..~~~~≈≈≈≈#
###~)~~~≈≈≈≈≈##
#≈≈≈~~~..#####
#≈≈≈#....#
#≈###...## ##
##..# ##I# ###


There were no monsters in sight!

Vanquished Creatures
  An ancient lich (Zot:5)
  A dread lich (Zot:5)
  6 orbs of fire
  Mara (Spider:3)
  2 juggernauts
  A Killer Klown (Zot:5)
  Bai Suzhen (Spider:2)
  2 curse toes
  4 golden dragons
  A bone dragon (Zot:2)
  the Enchantress (Depths:4)
  2 doom hounds (Zot:1)
  A Brimstone Fiend (Zot:1)
  14 tentacled monstrosities
  3 electric golems
  Jorgrun (D:14)
  A walking crystal tome (Depths:2)
  A walking earthen tome (Depths:4)
  2 titans
  5 quicksilver dragons
  3 deep elf blademasters (Elf:3)
  10 acid blobs
  Grunn (Zot:1)
  21 Orb Guardians (Zot:5)
  A deep elf master archer (Elf:3)
  Polyphemus (Shoals:1)
  5 death cobs
  3 sphinxes
  An Executioner (D:1)
  Kirke (Lair:2)
  2 tengu reavers
  Aizul (Vaults:1)
  13 storm dragons
  8 shadow dragons
  9 azure jellies
  6 draconian monks
  2 revenants (Vaults:2)
  Donald (Spider:3)
  8 draconian knights
  9 protean progenitors
  6 rockslimes
  Ilsuiw (Shoals:2)
  5 fire giants
  4 draconian shifters
  3 draconian scorchers
  12 deep elf sorcerers
  4 frost giants
  4 ghost moths
  4 deep elf elementalists (Elf:3)
  6 emperor scorpions
  8 vault wardens
  An iron dragon (Depths:1)
  An orc warlord (Vaults:2)
  4 spectral caustic shrikes (Depths:3)
  11 ironbound preservers
  An angel (Shoals:4)
  9 draconian stormcallers
  A broodmother (Spider:3)
  4 draconian annihilators
  5 very ugly things
  7 stone giants
  5 spriggan defenders
  9 quicksilver oozes
  4 ironbound thunderhulks
  Nessos (D:14)
  13 green draconians
  3 vampire knights
  16 yellow draconians
  8 dire elephants
  6 deep elf demonologists
  21 black draconians
  16 white draconians
  A war gargoyle (Vaults:4)
  7 deep elf annihilators (Elf:3)
  2 purple draconians
  5 deep elf death magi
  5 spark wasps
  8 red draconians
  A green death (Depths:4)
  Snorg (Lair:3)
  7 ettins
  5 entropy weavers
  5 merfolk javelineers (Shoals:4)
  10 merfolk impalers
  12 fire dragons
  14 vault guards
  6 ice dragons
  A quicksilver dragon zombie (Zot:4)
  7 great orbs of eyes
  5 deep elf high priests (Elf:3)
  6 rakshasas
  11 yaktaur captains
  2 peacekeepers (Vaults:4)
  3 jorogumos
  2 alligators (Zot:2)
  5 spriggan air magi
  2 hell beasts
  6 hydras
  Erica (Orc:1)
  2 catoblepae
  7 centaur warriors
  6 ironbound frosthearts
  2 radroaches
  3 merfolk avatars (Shoals:4)
  8 boulder beetles
  32 dancing weapons
  A two-headed ogre (D:11)
  3 satyrs
  6 death yaks
  A vampire mage (Depths:2)
  4 deep troll shamans
  11 merfolk aquamancers
  2 hell hogs (Depths:2)
  10 deep troll earth magi
  8 demonic crawlers
  4 tengu warriors
  2 hell knights
  3 spriggan berserkers (Depths:3)
  23 deep elf knights
  2 orc high priests
  2 soul eaters
  3 occultists
  A storm dragon zombie (Vaults:4)
  5 iron trolls
  3 pharaoh ants (Spider:3)
  A spectral death yak (Lair:5)
  A sun demon (Depths:4)
  3 skysharks
  9 sea snakes
  8 skeletal warriors
  A skyshark (shapeshifter) (Vaults:3)
  A quicksilver dragon simulacrum (Vaults:4)
  A flayed ghost (Depths:1)
  A golden dragon zombie (Zot:4)
  47 deep trolls
  A spectral anaconda (Lair:5)
  2 goliath frogs (Zot:5)
  A spriggan rider (Depths:4)
  8 arcanists
  2 cherubim (Shoals:4)
  20 deep elf archers
  A sun moth (Spider:4)
  2 glowing orange brains
  2 shadow demons
  10 orb spiders
  A phantasmal warrior (Vaults:2)
  8 steelbarb worms
  4 harpies (Shoals:1)
  22 deep elf zephyrmancers
  2 fire giant zombies
  5 ironbound convokers
  10 necromancers
  27 deep elf pyromancers
  A wolf spider zombie (D:15)
  10 thermic dynamos
  3 lindwurms
  4 human zombies
  6 orc sorcerers
  20 wolf spiders
  9 orc knights
  34 ugly things
  3 shining eyes
  8 manticores
  9 fauns
  A stone giant skeleton (Vaults:3)
  4 black mambas
  9 cyclopes
  A centaur zombie (D:15)
  2 elephants (shapeshifter)
  8 elephants (Lair:5)
  34 moths of wrath
  2 kobold blastminers (Orc:2)
  A toenail golem (Zot:3)
  7 merfolk sirens
  15 vault sentinels
  An eye of devastation (Slime:3)
  11 water nymphs
  2 gargoyles (D:12)
  3 torpor snails
  An orange demon (Zot:1)
  2 smoke demons
  A black draconian zombie (Zot:4)
  3 kobold demonologists
  9 cane toads
  3 elf zombies
  A dire elephant skeleton (Lair:5)
  2 hellions
  A centaur skeleton (D:15)
  An unseen horror (D:11)
  A rime drake (Lair:3)
  Maggie (Lair:1)
  A cane toad (shapeshifter) (D:13)
  12 komodo dragons
  2 tormentors
  A purple draconian zombie (Zot:4)
  25 yaktaurs
  A guardian mummy (D:12)
  4 tengu conjurers
  4 trolls
  2 elf simulacra (Vaults:4)
  29 merfolk
  11 hornets
  3 wind drakes
  27 tarantellas
  8 saltlings (Orc:2)
  20 blink frogs
  2 stone giant simulacra (Vaults:4)
  3 snapping turtles
  19 jumping spiders
  A glass eye (Slime:5)
  48 slime creatures
  2 spectral elephants (Lair:5)
  2 air elementals
  20 culicivoras
  10 water elementals
  5 wraiths
  6 spriggans
  5 humans (D:13)
  6 wyverns
  3 shadows
  43 yaks
  4 basilisks
  2 fire elementals
  4 hogs
  A golden eye (shapeshifter) (D:15)
  4 golden eyes (Slime:5)
  2 steam dragons
  3 wargs
  33 redbacks
  A death yak simulacrum (Lair:5)
  7 vampire mosquitoes
  An ogre zombie (Vaults:4)
  16 water moccasins
  A meliai simulacrum (D:14)
  2 black bears
  A glowing shapeshifter skeleton (Vaults:4)
  18 orc warriors
  An ice beast (D:7)
  4 sky beasts
  An elephant zombie (Lair:5)
  An ogre (Orc:1)
  3 boggarts (Vaults:1)
  4 wolves (Lair:5)
  9 centaurs
  2 phantoms
  3 kobold brigands (D:12)
  Blork the orc (D:4)
  A gnoll sergeant (D:12)
  14 bullfrogs
  2 human skeletons (Vaults:4)
  4 earth elementals
  4 scorpions
  A cane toad simulacrum (Lair:5)
  4 wights (D:7)
  A hornet simulacrum (D:15)
  An elephant simulacrum (Lair:5)
  10 killer bees
  An electric eel (D:8)
  3 howler monkeys
  A bombardier beetle (D:5)
  Crazy Yiuf (D:4)
  3 hounds
  A human simulacrum (Vaults:4)
  2 jellies
  2 gnoll boudas
  11 orc priests
  3 iguanas
  2 sleepcaps
  22 orc wizards
  11 hell rats (Lair:3)
  A boggart skeleton (D:15)
  14 gnolls
  5 adders
  2 white imps
  2 ufetubi (D:7)
  4 dart slugs
  3 ribbon worms
  75 orcs
  4 endoplasms
  A giant cockroach (D:4)
  10 goblins
  6 hobgoblins
  4 jackals (D:5)
  7 kobolds
  6 quokkas
  8 ball pythons
  5 bats
  3 frilled lizards
  5 rats
  2 aspiring fleshes (Zot:5)
1815 creatures vanquished.

Vanquished Creatures (collateral kills)
  Tiamat (Zot:4)
  A dread lich (Zot:5)
  A juggernaut (Depths:4)
  Saint Roka (Orc:2)
  A Killer Klown (Zot:5)
  A golden dragon (Zot:2)
  Arachne (Spider:2)
  A hellephant (Depths:1)
  3 tentacled monstrosities (Zot:2)
  A lich (Depths:1)
  5 Orb Guardians (Zot:5)
  2 acid blobs
  A sphinx (Vaults:4)
  A death cob (Zot:5)
  Frances (Shoals:2)
  Agnes (D:14)
  An azure jelly (Slime:2)
  2 storm dragons
  2 fire giants
  A rockslime (Slime:4)
  A deep elf sorcerer (Elf:2)
  2 emperor scorpions (Spider:3)
  A draconian scorcher (Zot:2)
  A frost giant (Depths:4)
  4 ironbound preservers
  A ghost moth (Spider:3)
  3 orc warlords
  2 stone giants
  A draconian annihilator (Zot:3)
  2 ironbound thunderhulks
  3 green draconians
  4 purple draconians
  A red draconian (Depths:4)
  2 spark wasps
  4 dire elephants
  2 merfolk javelineers (Shoals:4)
  A crystal guardian (Vaults:4)
  Josephine (D:14)
  A yaktaur captain (Vaults:3)
  An entropy weaver (Vaults:1)
  2 ice dragons (Zot:2)
  A hydra (Lair:5)
  2 vault guards (Vaults:3)
  An alligator snapping turtle (Shoals:1)
  2 ironbound frosthearts (Vaults:3)
  A catoblepas (Lair:4)
  2 centaur warriors
  2 jorogumos
  A tengu warrior (D:14)
  2 merfolk aquamancers
  A demonic crawler (Spider:2)
  3 dancing weapons (Elf:2)
  A boulder beetle (Lair:1)
  Urug (Lair:3)
  A deep troll earth mage (Depths:1)
  A spriggan berserker (Depths:4)
  4 pharaoh ants
  A hell knight (Depths:2)
  An iron troll (Depths:3)
  A sea snake (Shoals:4)
  A glowing orange brain (Depths:1)
  3 orb spiders (Spider:4)
  14 deep trolls
  A steelbarb worm (Spider:2)
  3 arcanists (Vaults:3)
  2 ironbound convokers
  An orc knight (Vaults:1)
  3 deep elf pyromancers
  A deep elf zephyrmancer (Elf:1)
  3 wolf spiders
  4 shining eyes (Slime:5)
  2 human zombies (Vaults:4)
  An ugly thing (Vaults:3)
  4 moths of wrath
  A merfolk siren (Shoals:4)
  3 vault sentinels (Vaults:3)
  2 water nymphs
  A gargoyle (D:11)
  A rime drake (Lair:3)
  8 yaktaurs
  A tengu conjurer (D:14)
  A komodo dragon (Lair:5)
  A merfolk (Shoals:4)
  A polar bear (Lair:3)
  A tarantella (Spider:3)
  A hornet (Depths:3)
  2 blink frogs (Lair:2)
  A snapping turtle (Shoals:4)
  A glass eye (Depths:4)
  2 dream sheep (Shoals:4)
  5 jumping spiders
  17 slime creatures
  3 culicivoras
  A vampire (D:11)
  A wyvern (Lair:3)
  A water elemental (Shoals:2)
  4 yaks
  A spriggan (Depths:3)
  An ettin skeleton (Vaults:3)
  13 redbacks
  2 golden eyes (Slime:5)
  A warg (Orc:2)
  A neqoxec (Zot:1)
  A water moccasin (Lair:5)
  4 orc warriors
  2 wolves (Lair:5)
  A boggart (Vaults:1)
  An orc priest (Orc:1)
  4 orcs (Orc:2)
233 creatures vanquished.

Vanquished Creatures (others)
  A draconian knight (Zot:4)
  A deep elf elementalist (Elf:3)
  2 draconian scorchers
  A Killer Klown zombie (Zot:5)
  An ironbound preserver (Vaults:1)
  A black draconian (Zot:1)
  A yellow draconian (Zot:4)
  A very ugly thing zombie (Depths:4)
  An acid blob zombie (Slime:5)
  3 quicksilver dragon zombies
  A deep elf high priest (Elf:3)
  A vault guard (D:13)
  7 Orb Guardian zombies (Zot:5)
  A sphinx zombie (Vaults:3)
  A deep troll earth mage (Depths:3)
  A quicksilver ooze zombie (Slime:5)
  An emperor scorpion zombie (Spider:4)
  5 storm dragon zombies
  A deep elf knight (Elf:2)
  A golden dragon zombie (Zot:2)
  An ogre zombie (Vaults:4)
  A spark wasp zombie (Depths:2)
  3 ghost moth zombies
  A deep elf archer (Elf:1)
  A lindwurm (Vaults:3)
  4 wolf spider zombies
  2 alligator zombies (Zot:2)
  A jorogumo zombie (Spider:3)
  A deep elf pyromancer (Elf:2)
  3 shadow dragon zombies (Zot:4)
  A frost giant zombie (Depths:4)
  2 deep elf zephyrmancers
  3 stone giant zombies
  An iron dragon zombie (Depths:1)
  5 ugly thing zombies
  A goliath frog zombie (Zot:5)
  10 draconian zombies
  A fire giant zombie (Depths:3)
  2 centaur zombies (Vaults:3)
  A cane toad (Lair:4)
  16 human zombies
  A steelbarb worm zombie (Spider:4)
  5 yellow draconian zombies
  A purple draconian zombie (Zot:2)
  5 red draconian zombies
  8 redback zombies
  3 orb spider zombies
  3 green draconian zombies
  8 black draconian zombies
  2 iron troll zombies
  7 white draconian zombies
  A death yak zombie (Shoals:4)
  3 sea snake zombies (Shoals:4)
  12 moth of wrath zombies
  3 demonic crawler zombies
  A jumping spider zombie (Spider:4)
  3 ettin zombies
  2 fire dragon zombies
  7 culicivora zombies
  6 spriggan zombies
  5 tarantella zombies
  2 ice dragon zombies (Depths:4)
  6 slime creature zombies
  A human (Spider:1)
  18 deep troll zombies
  9 merfolk zombies
  3 tengu zombies
  An entropy weaver zombie (Vaults:3)
  A hornet zombie (Depths:4)
  An orc zombie (Vaults:1)
  48 elf zombies
  13 yaktaur zombies
  A cyclops zombie (Shoals:4)
  3 yak zombies (Shoals:4)
  A boggart zombie (Vaults:1)
288 creatures vanquished.

Grand Total: 2336 creatures vanquished

Notes
Turn   | Place    | Note
-------+----------+-------------------------------------------
     0 | D:1      | TheMeInTeam the Octopode Warper began the quest for the
                  | Orb.
     0 | D:1      | Reached XP level 1. HP: 14/14 MP: 3/3
   138 | D:1      | Reached XP level 2. HP: 19/19 MP: 5/5
   183 | D:1      | Reached skill level 1 in Stealth
   469 | D:1      | Reached XP level 3. HP: 25/25 MP: 6/6
   843 | D:2      | Learned a level 2 spell: Blink
   846 | D:2      | Learned a level 2 spell: Lesser Beckoning
  1702 | D:3      | Reached XP level 4. HP: 31/31 MP: 7/7
  1927 | D:3      | Reached XP level 5. HP: 37/37 MP: 8/8
  2240 | D:4      | Noticed Blork the orc
  2478 | D:4      | Killed Blork the orc
  2681 | D:4      | Reached XP level 6. HP: 37/44 MP: 9/9
  2933 | D:4      | Reached skill level 5 in Fighting
  3041 | D:4      | Noticed an orc warrior
  3060 | D:4      | Killed an orc warrior
  3061 | D:4      | Reached skill level 5 in Short Blades
  3061 | D:4      | Reached XP level 7. HP: 50/50 MP: 10/10
  3756 | D:4      | Found a runed translucent door.
  3757 | D:4      | Noticed Crazy Yiuf
  3790 | D:5      | Entered Level 5 of the Dungeon
  3939 | D:5      | Found Cier's Antique Armour Shop.
  3977 | D:5      | Found a burning altar of Makhleb.
  4003 | D:5      | Became a worshipper of Makhleb the Destroyer
  4392 | D:5      | Reached skill level 1 in Invocations
  4394 | D:5      | Reached XP level 8. HP: 34/58 MP: 11/11
  5354 | D:6      | You fall into a shaft and drop 3 floors!
  5364 | D:8      | Found a staircase to the Lair.
  5532 | D:6      | Found a staircase to the Ecumenical Temple.
  5534 | D:6      | Reached * piety under Makhleb
  6458 | D:7      | Found a glowing silver altar of Zin.
  6459 | D:7      | Found a hide-covered altar of Uskayaw.
  6460 | D:7      | Found a sacrificial altar of Ru.
  6460 | D:7      | Found an opulent altar of Gozag.
  6750 | D:7      | Reached XP level 9. HP: 14/66 MP: 10/12
  7101 | D:7      | Noticed a hornet
  8731 | D:8      | Reached ** piety under Makhleb
  9550 | D:9      | Noticed a hornet
  9592 | D:9      | Noticed a troll
  9625 | D:8      | Reached skill level 5 in Invocations
  9836 | D:9      | Killed a troll
  9837 | D:9      | Reached XP level 10. HP: 65/74 MP: 10/14
 10169 | D:9      | Found a stormy altar of Qazlal.
 10435 | D:10     | Entered Level 10 of the Dungeon
 10622 | D:10     | Found a hide-covered altar of Uskayaw.
 10625 | D:10     | Found a sparkling altar of Nemelex Xobeh.
 10628 | D:10     | Found a shimmering blue altar of Sif Muna.
 10642 | D:10     | Found a white marble altar of Elyvilon.
 10949 | D:10     | Found a shimmering altar of Xom.
 11385 | D:10     | Reached skill level 10 in Fighting
 11407 | D:10     | Reached skill level 10 in Short Blades
 11422 | D:10     | Reached skill level 1 in Shields
 11518 | D:10     | Found an opulent altar of Gozag.
 11942 | D:4      | Killed Crazy Yiuf
 12391 | D:7      | Reached *** piety under Makhleb
 12552 | D:7      | Noticed a cyclops
 12552 | D:7      | Noticed a manticore
 12577 | D:7      | Killed a manticore
 12578 | D:7      | Reached XP level 11. HP: 52/81 MP: 5/16
 12835 | D:7      | Killed a cyclops
 13215 | Lair:1   | Entered Level 1 of the Lair of Beasts
 13495 | Lair:1   | Reached skill level 1 in Long Blades
 14049 | Lair:1   | Noticed a boulder beetle
 14087 | Lair:1   | Noticed Maggie
 14103 | Lair:1   | Killed Maggie
 14364 | Lair:1   | Reached skill level 5 in Shields
 15219 | Lair:1   | Killed a boulder beetle
 16243 | Lair:2   | Reached XP level 12. HP: 87/88 MP: 17/17
 16680 | Lair:2   | Noticed a skyshark
 16845 | Lair:2   | Noticed an eight-headed hydra
 16920 | Lair:2   | Noticed a skyshark
 16971 | Lair:2   | Found a hole to the Spider Nest.
 17311 | Lair:2   | Killed a skyshark
 17371 | Lair:2   | Killed a skyshark
 17508 | Lair:3   | Reached skill level 5 in Dodging
 17745 | Lair:3   | Reached **** piety under Makhleb
 17886 | Lair:3   | Noticed Urug
 18322 | Lair:3   | Reached skill level 1 in Evocations
 18510 | Lair:3   | Killed Urug
 18511 | Lair:3   | Reached skill level 5 in Long Blades
 18542 | Lair:3   | Noticed Snorg
 18582 | Lair:3   | Killed Snorg
 18726 | Lair:3   | Noticed a seven-headed hydra
 18746 | Lair:3   | Killed a seven-headed hydra
 18747 | Lair:3   | Reached XP level 13. HP: 66/95 MP: 10/19
 18980 | Lair:3   | Found a staircase to the Shoals.
 19495 | Lair:4   | Found a staircase to the Slime Pits.
 20323 | Lair:4   | Found a runed translucent door.
 20325 | Lair:4   | Noticed Pijio's ghost (journeyman MDFi)
 21014 | Lair:5   | Entered Level 5 of the Lair of Beasts
 21151 | Lair:5   | Reached skill level 10 in Shields
 21277 | Lair:5   | Found a shimmering altar of Xom.
 21358 | Lair:5   | Identified the +12 long sword of Symmetry {distort, Int+6}
 22064 | Lair:5   | Reached skill level 5 in Evocations
 22521 | Lair:5   | Reached XP level 14. HP: 98/103 MP: 17/20
 23671 | D:11     | Found a staircase to the Orcish Mines.
 24460 | Orc:1    | Entered Level 1 of the Orcish Mines
 24475 | D:11     | Reached ***** piety under Makhleb
 24570 | Orc:1    | Noticed Erica
 24613 | Orc:1    | Killed Erica
 24636 | Orc:1    | Found a roughly hewn altar of Beogh.
 24861 | Orc:1    | Found Xemej's Antique Armour Boutique.
 24876 | Orc:1    | Bought a glowing hat for 168 gold pieces
 25120 | Orc:2    | Entered Level 2 of the Orcish Mines
 25253 | Orc:2    | Found a roughly hewn altar of Beogh.
 25443 | Orc:2    | Found Zarcharo's Weapon Boutique.
 25498 | Orc:2    | Noticed Saint Roka
 25802 | Orc:2    | Killed Saint Roka
 26378 | Orc:2    | Found a staircase to the Elven Halls.
 26989 | Orc:2    | Noticed an orc warlord
 27042 | Orc:2    | Found Guxkyu's Book Shop.
 27128 | Orc:2    | Found Teukezit's Book Boutique.
 27129 | Orc:2    | Found a roughly hewn altar of Beogh.
 27130 | Orc:2    | Found Woacaaf's Book Boutique.
 27165 | Orc:2    | Noticed an orc warlord
 27187 | Orc:2    | Killed an orc warlord
 27242 | Orc:2    | Found Demn's Armour Emporium.
 27539 | D:12     | Identified the +8 falchion of Tesec {speed, rC+ Will+ Str-2
                  | Int+5}
 27880 | D:12     | Found the +7 Kryia's mail coat {PotionHeal*2 rC+}
 27922 | D:12     | Reached XP level 15. HP: 110/110 MP: 21/21
 28651 | D:12     | Found a portal to a secret trove of treasure.
 30316 | D:13     | Found a transporter.
 30320 | D:13     | Found a transporter.
 30321 | D:13     | Noticed Ithuta Obua's ghost (journeyman MiBe)
 30530 | D:13     | Found a gate to the Vaults.
 30786 | D:14     | Noticed Nessos
 30800 | D:14     | Killed Nessos
 31059 | D:14     | Noticed Jorgrun
 31087 | D:14     | Killed Jorgrun
 31176 | D:14     | Noticed Josephine
 31219 | D:14     | Killed Josephine
 31401 | D:14     | Found Sodotzur's Book Shop.
 31457 | D:14     | Noticed Agnes
 31497 | D:14     | Killed Agnes
 31500 | D:14     | Reached skill level 10 in Dodging
 31756 | D:15     | Entered Level 15 of the Dungeon
 32110 | D:14     | Reached skill level 10 in Long Blades
 32366 | D:15     | Reached XP level 16. HP: 118/118 MP: 22/22
 32502 | D:15     | Identified the orb "Soku" {mayhem, Regen+ rCorr Int+3
                  | Stlth-}
 33020 | D:15     | Found a staircase to the Depths.
 33738 | Spider:1 | Entered Level 1 of the Spider Nest
 33738 | Spider:1 | Noticed Kirke
 33752 | Lair:2   | Reached skill level 15 in Shields
 33997 | Shoals:1 | Entered Level 1 of the Shoals
 34168 | Shoals:1 | Identified the +6 quarterstaff of Anuegau {spect, rPois
                  | rF++ Int-4 Dex+3}
 34871 | Shoals:2 | Noticed Polyphemus
 35106 | Shoals:1 | Killed Polyphemus
 35289 | Shoals:2 | Noticed Ilsuiw
 35757 | Shoals:2 | Noticed Frances
 36082 | Shoals:2 | Killed Ilsuiw
 36462 | Shoals:2 | Killed Frances
 36696 | Shoals:3 | Reached XP level 17. HP: 100/126 MP: 14/23
 36767 | Shoals:3 | Got the Lessons on Heavy Spellbinding
 37771 | Shoals:3 | Found Losurgh's Antique Weapon Shop.
 37833 | Shoals:3 | Reached skill level 15 in Fighting
 38046 | Lair:2   | Killed Kirke
 38534 | Spider:1 | Identified the +1 trident of Responsibility {freeze, rElec
                  | rF+ Dex+5 Stlth-}
 39620 | Spider:2 | Noticed Arachne
 39870 | Spider:2 | Killed Arachne
 40973 | Spider:3 | Noticed Bai Suzhen
 41021 | Spider:2 | Killed Bai Suzhen
 41136 | Spider:3 | Noticed Mara
 41170 | Spider:3 | Noticed TheMeInTeam's illusion
 41378 | Spider:3 | Reached XP level 18. HP: 124/134 MP: 20/24
 41380 | Spider:3 | Noticed TheMeInTeam's illusion
 41956 | Spider:3 | Noticed TheMeInTeam's illusion
 42065 | Spider:3 | Noticed TheMeInTeam's illusion
 42068 | Spider:3 | Killed Mara
 43041 | Spider:3 | Noticed Donald
 43050 | Spider:3 | Killed Donald
 43264 | Spider:4 | Entered Level 4 of the Spider Nest
 45374 | Spider:4 | Identified the +8 arbalest "Killer Bee's Death" {elec,
                  | ^Fragile rN+ Stlth+}
 45390 | Spider:4 | Got a gossamer rune of Zot
 45605 | Shoals:4 | Entered Level 4 of the Shoals
 46163 | Shoals:4 | Found a glowing silver altar of Zin.
 46704 | Shoals:4 | Reached XP level 19. HP: 102/143 MP: 14/25
 46862 | Shoals:4 | Found a glowing golden altar of the Shining One.
 46875 | Shoals:4 | Reached ****** piety under Makhleb
 46877 | Shoals:4 | Identified the ring of Oxtou {Str-2 Int+6 Dex+5 Slay+2}
 47270 | Shoals:4 | Found a white marble altar of Elyvilon.
 47308 | Shoals:4 | Identified the ring of Zargheim {+Blink rC+ Dex+6}
 47644 | Shoals:4 | Got a barnacled rune of Zot
 47964 | Elf:1    | Entered Level 1 of the Elven Halls
 48402 | Orc:2    | Found a roughly hewn altar of Beogh.
 48749 | Elf:1    | Found Ollichun's Antique Armour Shop.
 49144 | Elf:1    | Reached skill level 15 in Dodging
 49957 | Elf:2    | Identified the serpent talisman of Disguise {Dex+4}
 50453 | Elf:2    | Reached XP level 20. HP: 132/152 MP: 22/27
 50502 | Elf:2    | Found a runed translucent gate.
 50503 | Elf:2    | Found a runed translucent gate.
 50503 | Elf:2    | Found a runed translucent gate.
 50512 | Elf:2    | Reached skill level 10 in Invocations
 50705 | Elf:2    | Found Zalaohass's Magic Scroll Shop.
 50710 | Elf:2    | Bought a scroll of blinking for 120 gold pieces
 50710 | Elf:2    | Bought a scroll of revelation for 120 gold pieces
 50710 | Elf:2    | Bought a scroll of immolation for 64 gold pieces
 51558 | Elf:3    | Entered Level 3 of the Elven Halls
 51818 | Elf:3    | Found Qagetz's Assorted Antiques.
 51826 | Elf:3    | Bought a potion of heal wounds for 210 gold pieces
 51826 | Elf:3    | Bought a small ivory ring for 210 gold pieces
 51860 | Elf:3    | Reached skill level 1 in Shapeshifting
 51985 | Elf:3    | Found Done's One-of-a-Kind Books.
 52021 | Elf:3    | Found Ywamoovy's Jewellery Boutique.
 52034 | Elf:3    | Bought the ring "Poppitt" {Will+ Str+6 Dex+2} for 1056 gold
                  | pieces
 52921 | Elf:3    | Identified the +6 hand axe "Riosairr" {protect, rC+ Dex+6}
 52926 | Elf:3    | Identified the +3 leather armour of Articulation {rF+++
                  | rN++ MP-9 Int+5}
 54436 | Elf:3    | Got the Quarto of Translocation and Accompaniment
 54528 | Elf:3    | Got Anniequ's Compilation of Allied Conjury
 54569 | Elf:3    | Identified the +2 robe "Qithiof" {rElec rF- Regen+
                  | Archmagi}
 54664 | Elf:3    | Bought the ring "Orumagipn" {rPois rF+ EV+5 Dex-3} for 958
                  | gold pieces
 54878 | Vaults:1 | Entered Level 1 of the Vaults
 54907 | Vaults:1 | Identified the serpent talisman of Jioffal {Int+6}
 54907 | Vaults:1 | Noticed Aizul
 54921 | Vaults:1 | Killed Aizul
 54922 | Vaults:1 | Reached XP level 21. HP: 157/158 MP: 23/29
 55603 | Vaults:1 | Found Xynaecag's Assorted Antiques.
 55610 | Vaults:1 | Bought a potion of curing for 93 gold pieces
 55610 | Vaults:1 | Bought 2 potions of might for 248 gold pieces
 55610 | Vaults:1 | Bought a potion of curing for 93 gold pieces
 55610 | Vaults:1 | Bought a wand of roots (5) for 372 gold pieces
 55855 | Vaults:1 | Identified the +0 sling of Leut {heavy, Will+ Dex+7}
 56407 | Vaults:2 | Found Ilopy's Assorted Antiques.
 56438 | Vaults:2 | Found Erhave's Antique Armour Shoppe.
 56493 | Vaults:2 | Found Seugis's Jewellery Shop.
 56594 | Vaults:2 | Found Iblo's Jewellery Shop.
 56649 | Vaults:2 | You fall into a shaft and drop 1 floor!
 56678 | Vaults:3 | Reached skill level 5 in Shapeshifting
 57019 | Vaults:2 | Found a staircase to the Crypt.
 57164 | Vaults:2 | Found Lecukhau's Antique Armour Emporium.
 58259 | Vaults:3 | Reached XP level 22. HP: 167/167 MP: 31/31
 58288 | Vaults:3 | Identified the +0 orcbow of Abomination {flame, rPois rF+
                  | rCorr}
 58615 | Vaults:3 | Identified the +7 trident of the First Xalams {pain, rCorr
                  | Dex-5 Stlth+}
 60281 | Depths:1 | Entered Level 1 of the Depths
 60364 | Depths:1 | Found a one-way gate to the infinite horrors of the Abyss.
 60652 | Depths:1 | Found a gateway to Hell.
 60866 | Depths:1 | Noticed a juggernaut
 60909 | Depths:1 | Killed a juggernaut
 60919 | Depths:1 | Reached skill level 10 in Evocations
 61277 | Depths:2 | Reached XP level 23. HP: 156/174 MP: 28/33
 61539 | Depths:2 | Found an ancient bone altar of Kikubaaqudgha.
 61618 | Depths:2 | Found a shimmering blue altar of Sif Muna.
 61696 | Depths:2 | You fall into a shaft and drop 1 floor!
 61800 | Depths:3 | Found a one-way gateway to a ziggurat.
 61860 | Depths:3 | Found Woegrod's Antique Weapon Emporium.
 61913 | Depths:3 | Found Zirel's Weapon Boutique.
 61973 | Depths:2 | Noticed a caustic shrike
 62133 | Depths:2 | Found a one-way gate leading to the halls of Pandemonium.
 62766 | D:12     | You paid a toll of a +7 demon blade to enter a treasure
                  | trove
 62767 | Trove    | Entered a treasure trove
 62772 | Trove    | Identified the ring "Boet" {rCorr MP+9 Str+2}
 62808 | Trove    | Identified the ring of Qufiad {Will+ MP+9 Dex+4}
 62842 | Trove    | Identified the ring of Ipebb {rElec rC- MP+9 Str+2 Slay+2}
 62844 | Trove    | Identified the ring "Tijy" {Wiz rN+ Dex+3}
 62846 | Trove    | Identified the amulet "Ruffen Fein" {rPois rN+ Regen+}
 62848 | Trove    | Identified the ring "Xiarchurch" {Will+ rCorr Str+3 Dex+5}
 62855 | Trove    | Identified the ring of the Sheltering Priest {rN+ Will+
                  | Str+5 Dex-4 Slay+4}
 62857 | Trove    | Identified the ring "Wiacohu" {Int+6 Dex+2}
 62860 | Trove    | Identified the amulet "Jeotsi" {rC+ Regen+}
 63144 | Depths:2 | Found a shimmering blue altar of Sif Muna.
 63485 | Depths:3 | Found an iron altar of Okawaru.
 63559 | Depths:3 | Found Semesch's Fire Supplies.
 63567 | Depths:3 | Bought a scroll of immolation for 48 gold pieces
 63691 | Depths:3 | Found Mabu's Jewellery Shop.
 63931 | Depths:4 | Entered Level 4 of the Depths
 63986 | Depths:4 | Reached skill level 15 in Invocations
 64045 | Depths:4 | Noticed the Enchantress
 64057 | Depths:4 | Killed the Enchantress
 64252 | Depths:4 | Noticed a juggernaut
 64264 | Depths:4 | Killed a juggernaut
 64452 | Depths:4 | Identified the +5 great mace "Agum" {distort, rF+ rCorr
                  | Dex+2}
 64463 | Depths:4 | Noticed a juggernaut
 64641 | Depths:4 | Killed a juggernaut
 64803 | Depths:4 | Found a shimmering altar of Xom.
 64909 | Depths:4 | Reached XP level 24. HP: 183/183 MP: 34/34
 64917 | Depths:4 | Found a gate to the Realm of Zot.
 65328 | Depths:4 | Reached skill level 10 in Shapeshifting
 65937 | Slime:1  | Entered Level 1 of the Pits of Slime
 65941 | Slime:2  | Found a viscous altar of Jiyva.
 65948 | Slime:2  | You fall into a shaft and drop 2 floors!
 66011 | Slime:3  | Gained mutation: You sometimes lose your temper in combat.
                  | [a shining eye]
 66030 | Slime:3  | Lost mutation: You sometimes lose your temper in combat.
                  | [potion of mutation]
 66030 | Slime:3  | Gained mutation: Your skin blends seamlessly with your
                  | surroundings (Stealth++). [potion of mutation]
 66030 | Slime:3  | Gained mutation: Your muscles are strong. (Str +4, Int/Dex
                  | -1) [potion of mutation]
 66030 | Slime:3  | Gained mutation: Your flesh is heat resistant. (rF+)
                  | [potion of mutation]
 66475 | Slime:5  | Entered Level 5 of the Pits of Slime
 66532 | Slime:5  | Noticed the Royal Jelly
 66535 | Slime:5  | the Royal Jelly changed into a titan shaped Royal Jelly
 66535 | Slime:5  | Noticed a titan shaped Royal Jelly
 66536 | Slime:5  | Killed a titan shaped Royal Jelly
 66912 | Slime:5  | Got the Codex of a Thousand Knives
 66952 | Slime:5  | Identified the amulet "Cerenavi" {Acrobat rC+ rN+}
 66956 | Slime:5  | Got a slimy rune of Zot
 66963 | Slime:5  | Identified the +4 flail "Haegret" {elec, ^Drain Int+3}
 66979 | Slime:5  | Identified the +7 scimitar of Currency {speed, Will++ Int-2
                  | Dex+2}
 66986 | Slime:5  | Identified the +9 morningstar of Bohassi {elec, *Noise
                  | Int+7}
 67740 | Zot:1    | Entered Level 1 of the Realm of Zot
 69342 | Zot:1    | Noticed Grunn
 69351 | Zot:1    | Killed Grunn
 69825 | Zot:2    | Noticed an orb of fire
 69830 | Zot:2    | Gained mutation: You are frail. (-10% HP) [an orb of fire]
 69836 | Zot:2    | Killed an orb of fire
 69844 | Zot:2    | Reached XP level 25. HP: 127/170 MP: 35/35
 69883 | Zot:2    | Lost mutation: Your skin blends seamlessly with your
                  | surroundings (Stealth++). [potion of mutation]
 69883 | Zot:2    | Lost mutation: Your flesh is heat resistant. (rF+) [potion
                  | of mutation]
 69883 | Zot:2    | Gained mutation: You are somewhat resistant to further
                  | mutation. [potion of mutation]
 69884 | Zot:2    | Lost mutation: Your muscles are strong. (Str +4, Int/Dex
                  | -1) [potion of mutation]
 69884 | Zot:2    | Lost mutation: You are frail. (-10% HP) [potion of
                  | mutation]
 69884 | Zot:2    | Gained mutation: You are covered in fur. (AC +1) [potion of
                  | mutation]
 70223 | Zot:2    | Reached skill level 15 in Shapeshifting
 70820 | Zot:2    | Noticed an orb of fire
 70835 | Zot:2    | Gained mutation: Your magical capacity is low. (-10% MP)
                  | [an orb of fire]
 70840 | Zot:2    | Killed an orb of fire
 72257 | Zot:3    | Got the Handbook of Firn and the Fair Folk
 73022 | Zot:4    | Found a transporter.
 73037 | Zot:4    | Found a transporter.
 73314 | Zot:4    | Found the +4 dragonskin cloak
 73314 | Zot:4    | Noticed Tiamat
 73334 | Zot:4    | Reached XP level 26. HP: 165/196 MP: 28/31
 73564 | Zot:4    | Killed Tiamat
 74066 | Zot:5    | Entered Level 5 of the Realm of Zot
 74653 | Zot:5    | Noticed an orb of fire
 74655 | Zot:5    | Noticed an orb of fire
 74666 | Zot:5    | Killed an orb of fire
 74671 | Zot:5    | Noticed an orb of fire
 74675 | Zot:5    | Killed an orb of fire
 74680 | Zot:5    | Noticed a dread lich
 74687 | Zot:5    | Killed a dread lich
 74691 | Zot:5    | Noticed an orb of fire
 74694 | Zot:5    | Killed an orb of fire
 74702 | Zot:5    | Gained mutation: You are occasionally teleported next to
                  | monsters. [an orb of fire]
 74703 | Zot:5    | Killed an orb of fire
 74703 | Zot:5    | Noticed a Killer Klown
 74743 | Zot:5    | Lost mutation: You are occasionally teleported next to
                  | monsters. [potion of mutation]
 74743 | Zot:5    | Lost mutation: You are covered in fur. (AC +1) [potion of
                  | mutation]
 74743 | Zot:5    | Gained mutation: Your health recovers twice as slowly from
                  | being drained. [potion of mutation]
 74743 | Zot:5    | Gained mutation: You are vulnerable to heat. (rF-) [potion
                  | of mutation]
 74744 | Zot:5    | Lost mutation: You are somewhat resistant to further
                  | mutation. [potion of mutation]
 74744 | Zot:5    | Lost mutation: Your magical capacity is low. (-10% MP)
                  | [potion of mutation]
 74744 | Zot:5    | Lost mutation: Your health recovers twice as slowly from
                  | being drained. [potion of mutation]
 74744 | Zot:5    | Gained mutation: You expend magic power (3 MP) to
                  | strengthen your wands. [potion of mutation]
 74745 | Zot:5    | Lost mutation: You expend magic power (3 MP) to strengthen
                  | your wands. [potion of mutation]
 74745 | Zot:5    | Lost mutation: You are vulnerable to heat. (rF-) [potion of
                  | mutation]
 74745 | Zot:5    | Gained mutation: You passively dampen the noise of your
                  | surroundings. [potion of mutation]
 74745 | Zot:5    | Gained mutation: You are weak. (Str -2) [potion of
                  | mutation]
 74745 | Zot:5    | Gained mutation: You are strong-willed. (Will+) [potion of
                  | mutation]
 74901 | Zot:5    | Killed a Killer Klown
 74927 | Zot:5    | Noticed a Killer Klown
 74949 | Zot:5    | Killed a Killer Klown
 74956 | Zot:5    | Noticed a dread lich
 74966 | Zot:5    | Killed a dread lich
 75044 | Zot:5    | Reached XP level 27. HP: 201/201 MP: 35/35
 75110 | Zot:5    | Got the Orb of Zot
 75124 | Zot:5    | Noticed an ancient lich
 75135 | Zot:5    | Killed an ancient lich
 75182 | Zot:4    | Noticed Qiwoac the pandemonium lord
 75446 | D:14     | Noticed Kakhoaq the pandemonium lord
 75664 | D:$      | Escaped with the Orb!

Illustrated notes

Levels and vault maps discovered:
D:1:      eino_arrival_cavern_b, layout_rooms, minmay_unequal
D:2:      layout_basic, minmay_misc_feat_four_crosses, serial_park_tiny_pond
D:3:      layout_rooms, minmay_fractal_squares_5
D:4:      layout_basic, nicolae_figureground_sparkle, uniq_crazy_yiuf_cottage,
          uniq_blork_the_orc
D:5:      layout_basic, mainiacjoe_overflow_brackets, serial_shops, shop,
          st_stairs_14, corexii_shack, nrook_campfire,
          minmay_misc_feat_more_columns
D:6:      layout_layer_cave, minmay_temple_entry_wispy
D:7:      minmay_the_grid_octo_tiled_octocenter [minmay_the_grid_octo_shrine,
          minmay_the_grid_octo_chip, minmay_the_grid_octo_clover,
          minmay_the_grid_octo_checkered, minmay_the_grid_octo_prize_big_c,
          minmay_the_grid_square_5x5_bracketed, minmay_the_grid_square_5x5_meh,
          minmay_the_grid_square_5x5_three_small,
          minmay_the_grid_square_5x5_fancy_junction], layout_basic
D:8:      layout_rooms, water_boxes_lemuel
D:9:      layout_cave_pools, nicolae_qazlal_eye_of_the_storm
D:10:     layout_rooms, kennysheep_mini, grunt_temple_overflow_cloverleaf,
          mainiacjoe_overflow_small_starburst,
          serial_library_hellmonk_small_corner, centaur_isle
D:11:     minmay_angry_zag, layout_cave_pools, orc_0_dummy,
          minmay_misc_feat_rugged
D:12:     minmay_wavy_crystal, layout_stronghold,
          nicolae_trove_entry_path_of_doom
D:13:     layout_cave_pools, ximxim_vaults_locker_room,
          gammafunk_ghost_mausoleum
D:14:     layout_roguey, reono_crystal_passage, serial_shops,
          nicolae_book_shop_shelving, uniq_agnes, uniq_nessos, uniq_josephine,
          uniq_jorgrun
D:15:     grunt_enter_depths_magical_seal, layout_irregular_city,
          minmay_misc_feat_secret_circle
Lair:1:   layout_concentric_octagons, infiniplex_staircase_pool_2, uniq_maggie
Lair:2:   layout_regular_city, dummy_spider_entry
Lair:3:   layout_regular_city, elwin_shoals_entry_stream,
          kennysheep_catoblepas_arena, grunt_megastairs_5, lemuel_fruit_tree,
          uniq_snorg, uniq_urug
Lair:4:   layout_small_grid, dpeg_slime_entry_corner, gammafunk_ghost_grave,
          dreamdust_mushroom_princess, lemuel_fruit_fields
Lair:5:   due_jungle_book, layout_regular_city, basic_altar,
          infiniplex_staircase_pool
Shoals:1: layout_shoals
Shoals:2: layout_shoals, nicolae_shoals_nymph_descending_staircase,
          uniq_polyphemus, uniq_frances, uniq_ilsuiw
Shoals:3: cheibrodos_shoals_satyrical_garden, layout_shoals, serial_shops,
          nicolae_shop_dealshenge, nicolae_splish_splash
Shoals:4: shoals_end_hellmonk_holy_island
Spider:1: layout_spider_delve, uniq_kirke
Spider:2: cheibrodos_spider_silkery, uniq_arachne
Spider:3: layout_spider_delve, uniq_bai_suzhen, uniq_donald, uniq_mara
Spider:4: grunt_spider_rune_circles, guppyfry_hornet_nest
Slime:1:  layout_caves
Slime:2:  layout_caves, basic_altar
Slime:3:  cheibrodos_slime_lost_civilization_1, layout_caves
Slime:4:  layout_caves
Slime:5:  slime_pit_nicolae_jellycorners
Orc:1:    layout_diamond_mine, basic_altar, serial_shops, shop_statue,
          uniq_erica
Orc:2:    hellmonk_orc_salted, layout_caves, basic_altar, serial_shops,
          nicolae_shop_tiny_glass, uniq_saint_roka
Elf:1:    eino_elf_arrival_shootout, layout_onion_city, serial_shops, shop,
          hangedman_corner_corridor
Elf:2:    nicolae_elf_blades_crystal_corner, layout_onion_city, serial_shops,
          shop_fountains
Elf:3:    minmay_elf_hall_four_x, layout_loops_corners, serial_shops, shop,
          nicolae_rare_books, grunt_ministairs_7,
          minmay_shop_enchanted_jewellery
Vaults:1: nicolae_vaults_turnstiles, nicolae_vaults_closet_pinwheel_2,
          lightli_orcish_oven, nicolae_vaults_little_squares_1,
          layout_vaults_chaotic_city, serial_shops, nicolae_shop_crystal,
          uniq_aizul
Vaults:2: minmay_crypt_entry_simple_box, v_misc_3, v_misc_13,
          nicolae_vaults_inception_corners, nicolae_vaults_steering_wheel,
          nicolae_vaults_asterisk, nicolae_vaults_diamond_2,
          nicolae_vaults_variable_pillar_hall, v_misc_3,
          layout_vaults_quadrants, serial_shops, shop, shop,
          nicolae_shop_competitors_out_of_business, nicolae_shop_behind_doors,
          nicolae_shop_rolling_square
Vaults:3: vaults_mumra_minichess_inversion, nicolae_vaults_heist, v_misc_11,
          nicolae_vaults_tangram_2, nicolae_vaults_windows_and_doors_thing,
          vaults_standard_mumra_lines, vaults_room_corners,
          ontoclasm_vaults_idyll, nicolae_vaults_branching_niches,
          layout_vaults_maze_bifur
Vaults:4: nicolae_vaults_triangles, nicolae_vaults_mitosis,
          vaults_room_fancy_cross, nicolae_vaults_house_2,
          nicolae_vaults_cochlea, vaults_room_door_hall, v_rooms_1,
          hangedman_vaults_stagger, v_pattern_5, nicolae_vaults_rhombus_6,
          vaults_room_ringed_pool, layout_vaults_omnibox, uniq_margery
Depths:1: layout_long_grid, hangedman_abyss_or_decor_jellyfish_corner,
          grunt_hell_entry_dis_mu, nicolae_abyss_entry_one_way_or_another,
          hex_tiny, kb_rosetta
Depths:2: evilmike_inaccessible_box, layout_twisted_cross, hellmouth_1,
          serial_library, serial_library_hellmonk_open_cross,
          serial_library_hellmonk_narrow_alcove,
          serial_library_hellmonk_statue_hall,
          serial_library_hellmonk_big_corner,
          serial_library_hellmonk_double_dead_end,
          serial_library_hellmonk_junction, serial_library_hellmonk_open_square,
          rand_demon_pan_entry_8, nicolae_kikubaaqudgha_miasma_corner
Depths:3: wad_pebble_path, layout_gridlike, enter_ziggurat_c, serial_shops,
          shop, shop, abyss_entry, pf_hell_entry_tar_river,
          nicolae_shop_fire_sale [nicolae_sub_dead_trees],
          nicolae_stop_n_shop_2, dreamdust_wishing_well, st_stairs_12,
          okawaru_ov_weapons_minmay
Depths:4: grunt_zot_entry_tricorne, layout_basic, hell_entry,
          regret_index_xom_buried_treasure, grunt_pan_entry_spiral,
          uniq_enchantress
Zot:1:    layout_cathedral_of_symmetry, regret_index_zotdec_banners, uniq_grunn
Zot:2:    grunt_zot_stairs_mandelzot, layout_gridlike,
          regret_index_zotdec_twisting_globes
Zot:3:    layout_basic, hangedman_zot_diagonal_lockstep
Zot:4:    gammafunk_sealed_arena, layout_gridlike, zot_minivault_2, uniq_tiamat
Zot:5:    layout_twisted_circle, grunt_ministairs_12, st_stairs_9

Skill      XL: |  1  2  3  4  5  6  7  8  9 10 11 12 13 14 15 16 17 18 19 20 21 22 23 24 25 26 |
---------------+-------------------------------------------------------------------------------+-----
Stealth        | 1 2 |  2.0
Fighting       | 3 4 5 6 7 9 10 11 12 13 14 15 16 17 18 19 20 | 20.0
Short Blades   | 3 4 5 6 7 9 11 | 11.9
Invocations    | 1 3 5 7 8 9 11 12 14 15 16 | 16.0
Shields        | 3 6 8 10 12 14 16 17 18 | 18.0
Long Blades    | 3 5 7 8 10 11 12 14 | 14.3
Dodging        | 4 5 7 8 10 11 12 13 15 17 18 20 21 22 | 22.0
Evocations     | 2 5 6 8 10 | 10.0
Shapeshifting  | 4 6 7 9 14 18 22 | 22.4
Throwing       | |  1.0
Spellcasting   | |  2.0
Translocations | |  3.0

Action                     |  1- 3 |  4- 6 |  7- 9 | 10-12 | 13-15 | 16-18 | 19-21 | 22-24 | 25-27 || total
---------------------------+-------+-------+-------+-------+-------+-------+-------+-------+-------++-------
  Melee: Short sword       |    49 |    28 |    46 |   541 |  1285 |  1089 |       |       |       ||  3038
         Constrict         |    15 |    32 |    61 |    81 |   141 |   263 |   207 |   145 |   125 ||  1070
         Tentacles         |    10 |    32 |   117 |   168 |   530 |   677 |   371 |   558 |   320 ||  2783
         Dagger            |       |    68 |   356 |       |       |       |       |       |       ||   424
         Double sword      |       |       |       |       |    78 |   454 |  1032 |  1315 |   747 ||  3626
         Falchion          |       |       |       |       |    93 |    77 |       |       |       ||   170
  Throw: Javelin           |    11 |    10 |     4 |       |       |       |       |       |       ||    25
         Dart              |       |    15 |    81 |     4 |       |       |       |       |       ||   100
   Cast: Blink             |       |       |     9 |     2 |     2 |     3 |     1 |       |     1 ||    18
         Lesser Beckoning  |       |       |       |     1 |       |       |       |       |       ||     1
 Invoke: Minor Destruction |       |       |    33 |   161 |   195 |    44 |    12 |       |     1 ||   446
         Lesser Servant of |       |       |       |    10 |    31 |    28 |    10 |     1 |       ||    80
         Major Destruction |       |       |       |       |       |       |     5 |     2 |     5 ||    12
  Evoke: Wand              |       |       |       |     5 |     8 |    15 |       |     2 |     9 ||    39
         Box of beasts     |       |       |       |     2 |     2 |     3 |       |       |       ||     7
         Phantom mirror    |       |       |       |       |       |       |     1 |     3 |     1 ||     5
    Use: Scroll            |     1 |     6 |    15 |    13 |    15 |     6 |     6 |    14 |     8 ||    84
         Potion            |       |     1 |     8 |     5 |     6 |     9 |     2 |     4 |    15 ||    50
   Stab: Sleeping          |     4 |       |     7 |     2 |    14 |    18 |    13 |    25 |     5 ||    88
         Invisible         |       |     1 |       |       |       |       |       |       |       ||     1
         Distracted        |       |       |     1 |     2 |     5 |    14 |    18 |    39 |    18 ||    97
         Petrified         |       |       |       |       |       |     7 |       |       |       ||     7
 Armour: Skin              |     9 |    22 |   161 |   215 |   339 |   596 |   229 |   259 |   249 ||  2079
  Dodge: Dodged            |    18 |    41 |   130 |   165 |   384 |   750 |   489 |   920 |   721 ||  3618
  Block: Kite shield       |       |       |       |   113 |   558 |  1440 |   812 |  1129 |   790 ||  4842
   Form: Statue            |       |       |       |       |       |       |       |       |     1 ||     1

Table legend: (Time is in decaauts)
 A = Elapsed time spent in this place.
 B = Non-inter-level travel time spent in this place.
 C = Inter-level travel time spent in this place.
 D = Time resting spent in this place.
 E = Time spent auto-exploring this place.
 F = Levels seen in this place.
 G = Mean time per level.
                   A        B        C        D        E       F      G
               +--------+--------+--------+--------+--------+-----+--------+
         Total |  74840 |  69181 |   5659 |   6108 |  43781 |  52 | 1439.2 |
       Dungeon |  21003 |  18703 |   2300 |   1746 |  11803 |  15 | 1400.2 |
          Lair |  11018 |  10046 |    972 |   1506 |   6122 |   5 | 2203.6 |
        Shoals |   5971 |   5692 |    279 |    961 |   3018 |   4 | 1492.8 |
   Spider Nest |   7040 |   6657 |    383 |    147 |   4691 |   4 | 1760.0 |
    Slime Pits |   1476 |   1347 |    129 |     53 |    800 |   5 |  295.2 |
  Orcish Mines |   3333 |   2976 |    357 |    277 |   1755 |   2 | 1666.5 |
   Elven Halls |   6199 |   5944 |    255 |    831 |   3288 |   3 | 2066.3 |
        Vaults |   5117 |   4842 |    275 |     52 |   3530 |   4 | 1279.2 |
        Depths |   5472 |   5068 |    404 |     20 |   3702 |   4 | 1368.0 |
           Zot |   8104 |   7801 |    303 |    512 |   4997 |   5 | 1620.8 |
         Trove |    102 |    102 |      0 |      0 |     73 |   1 |  102.0 |
               +--------+--------+--------+--------+--------+-----+--------+

Top non-repeatable levels by time:
     D:7: 3011 daAuts
  Lair:1: 2604 daAuts
  Lair:2: 2571 daAuts
   Elf:3: 2518 daAuts
   Orc:2: 2434 daAuts
   Elf:2: 2343 daAuts
  Lair:5: 2341 daAuts
    D:12: 2181 daAuts
Spider:3: 2154 daAuts
     D:4: 1974 daAuts
Depths:4: 1969 daAuts
Spider:2: 1961 daAuts
  Lair:4: 1774 daAuts
  Lair:3: 1727 daAuts
   Zot:1: 1705 daAuts
